 Dungeon Sprint DCSS version 0.21.1-1-g345015f (webtiles) character file.

1523 wilfster70 the Imperceptible (level 8, -7/36 HPs)
             Began as a Spriggan Enchanter on Apr 3, 2018.
             Was an Initiate of Dithmenos.
             Shot with an arrow by a centaur warrior (22 damage)
             ... in the Dungeon (Sprint I: "Red Sonja").
             The game lasted 00:03:39 (312 turns).

wilfster70 the Imperceptible (Spriggan Enchanter)    Turns: 312, Time: 00:03:39

Health: -7/36      AC:  3    Str:  4    XL:     8   Next: 54%
Magic:  19/21      EV: 22    Int: 18    God:    Dithmenos [......]
Gold:   277        SH:  0    Dex: 17    Spells: 21/24 levels left

rFire    . . .     SeeInvis +   a - +3 dagger (venom)
rCold    . . .     Gourm    .   (shield restricted)
rNeg     . . .     Faith    .   p - +0 robe {MR+}
rPois    .         Spirit   .   (helmet restricted)
rElec    .         Reflect  .   k - +0 cloak
rCorr    .         Harm     .   (gloves unavailable)
MR       ++...     NoTele   +   (boots unavailable)
Stlth    ++++++++..             (no amulet)
HPRegen  0.12/turn              (no ring)
MPRegen  0.17/turn              (no ring)

@: very quick
A: very small, unfitting armour, see invisible, herbivore, speed 3, slow
metabolism 2
a: Renounce Religion


You were in the Dungeon.
You worshipped Dithmenos.
Dithmenos was noncommittal.
You were not hungry.

You visited 1 branch You collected 528 gold pieces.
You spent 251 gold pieces at shops.

Inventory:

Hand Weapons
 a - a +3 dagger of venom (weapon)
 m - a +0 blowgun
Missiles
 o - 9 curare-tipped needles
Armour
 k - a +0 cloak (worn)
 p - a +0 robe of magic resistance (worn)
Wands
 l - a wand of polymorph (14)
Scrolls
 i - 2 scrolls of identify {unknown}
 j - a scroll of blinking
Potions
 e - a potion of curing
 f - 3 potions of heal wounds
 g - 2 potions of haste
 h - 2 potions of magic
Books
 c - a book of Maledictions

   Spells                             Type                      Level
   a - Corona                         Hexes                        1
   b - Ensorcelled Hibernation        Hexes/Ice                    2
   c - Confuse                        Hexes                        3
   d - Tukima's Dance                 Hexes                        3
   e - Dazzling Spray                 Conjuration/Hexes            3
Comestibles
 d - a ration


   Skills:
 - Level 1.1 Short Blades
 + Level 6.4 Dodging
 * Level 21.5 Stealth
 + Level 8.8 Spellcasting
 - Level 10.1 Hexes
 + Level 0.1 Ice Magic


You had 21 spell levels left.
You knew the following spells:

 Your Spells              Type           Power        Failure   Level  Hunger
a - Corona                Hex            #####..      1%          1    None
b - Ensorcelled Hibernat  Hex/Ice        ####..       1%          2    None


Dungeon Overview and Level Annotations

Branches:
Dungeon (1/1)

Altars:
Cheibriados
Dithmenos
Elyvilon
Fedhas
Gozag
Hepliaklqana
Kikubaaqudgha
Nemelex Xobeh
Okawaru
Qazlal
Ru
Sif Muna
Trog
Uskayaw
Vehumet
Wu Jian
Yredelemnul
Zin
The Shining One

Shops:
D *[[


Innate Abilities, Weirdness & Mutations

You are very small and have problems with some larger weapons.
You are too small for most types of armour.
You have supernaturally acute eyesight. (SInv)
You are a herbivore.
You cover ground extremely quickly.
You need consume almost no food.


Message History

A centaur warrior comes into view.
There is an open door here.
You enter the shallow water.
Moving in this stuff is going to be slow.
Found 16 gold pieces and a trident.
The centaur warrior shouts! x2
The centaur warrior completely misses you.
The centaur warrior wields a shortbow.
The centaur warrior shoots an arrow.
The arrow hits you!!
Ouch! That really hurt!
You see here an arrow.
Casting: Ensorcelled Hibernation
Confirm with . or Enter, or press ? or * to list all spells.
Aiming: Ensorcelled Hibernation
Press: ? - help, Shift-Dir - straight line, f - centaur warrior
Aim: a centaur warrior (chance to defeat MR: 37%)
The centaur warrior easily resists.
The centaur warrior misses you.
The centaur warrior shoots an arrow.
The arrow hits you!!
Ouch! That really hurt!
You die...

#############
#.)').#.)'..#
'..#..'..#..+
#####'#####'# ###
####..#...#.####§)#
#__####..##.#§§§§c#
#_____##'#_.+§§§§§+
#_.∩...'..._#§§§@c#
#_..__##_.#'##'####
#_____###'#(#§...###
#########.####'###[##
.......'...'.....')∩#
++++####.).##########
##.## #+#


You could see 2 centaur warriors.

Vanquished Creatures
  Sonja (D)
  A deep troll (D)
  Sigmund (D)
  A yak (D)
  An ogre (D)
  A jelly (D)
  Ijyb (D)
7 creatures vanquished.

Notes
Turn   | Place    | Note
-------+----------+-------------------------------------------
     0 | D        | wilfster70 the Spriggan Enchanter began the quest for the Orb.
     0 | D        | Reached XP level 1. HP: 9/9 MP: 5/5
     1 | D        | Noticed Ijyb
     9 | D        | Killed Ijyb
     9 | D        | Reached skill level 7 in Stealth
     9 | D        | Reached skill level 5 in Hexes
     9 | D        | Reached XP level 2. HP: 13/13 MP: 5/7
    17 | D        | Learned a level 2 spell: Ensorcelled Hibernation
    94 | D        | Noticed an ogre
    97 | D        | Killed an ogre
    97 | D        | Reached skill level 11 in Stealth
    97 | D        | Reached XP level 3. HP: 16/16 MP: 6/10
    97 | D        | Reached XP level 4. HP: 21/21 MP: 6/11
   140 | D        | Noticed Sigmund
   143 | D        | Killed Sigmund
   143 | D        | Reached skill level 14 in Stealth
   143 | D        | Reached XP level 5. HP: 24/24 MP: 11/14
   143 | D        | Reached XP level 6. HP: 28/28 MP: 12/16
   155 | D        | Found a deep blue altar of Sif Muna.
   156 | D        | Found an ornate altar of the Wu Jian Council.
   157 | D        | Found a radiant altar of Vehumet.
   172 | D        | Found Tekegh's Armour Emporium.
   172 | D        | Found an ancient bone altar of Kikubaaqudgha.
   172 | D        | Found a hazy altar of Hepliaklqana.
   172 | D        | Found a stormy altar of Qazlal.
   172 | D        | Found a hide-covered altar of Uskayaw.
   172 | D        | Found a blossoming altar of Fedhas.
   172 | D        | Found a bloodstained altar of Trog.
   172 | D        | Found an iron altar of Okawaru.
   172 | D        | Found a basalt altar of Yredelemnul.
   172 | D        | Found a glowing golden altar of the Shining One.
   172 | D        | Found a snail-covered altar of Cheibriados.
   172 | D        | Found a sacrificial altar of Ru.
   172 | D        | Found a glowing silver altar of Zin.
   172 | D        | Found a shadowy altar of Dithmenos.
   172 | D        | Found a white marble altar of Elyvilon.
   172 | D        | Noticed a yak
   174 | D        | Killed a yak
   174 | D        | Reached skill level 16 in Stealth
   174 | D        | Reached skill level 10 in Hexes
   175 | D        | Found an opulent altar of Gozag.
   176 | D        | Found a sparkling altar of Nemelex Xobeh.
   180 | D        | Bought a +0 cloak for 54 gold pieces
   187 | D        | Became a worshipper of Dithmenos the Shadowed
   219 | D        | Noticed Sonja
   223 | D        | Killed Sonja
   223 | D        | Reached skill level 5 in Dodging
   223 | D        | Reached skill level 19 in Stealth
   223 | D        | Reached XP level 7. HP: 32/32 MP: 16/19
   223 | D        | Reached XP level 8. HP: 36/36 MP: 17/21
   242 | D        | Found Iloiroe Puupt's General Store.
   250 | D        | Bought a scroll of enchant weapon for 90 gold pieces
   262 | D        | Noticed a deep troll
   266 | D        | Killed a deep troll
   266 | D        | Reached skill level 21 in Stealth
   276 | D        | Found Beqipt's Armour Emporium.
   280 | D        | Bought a +0 robe of magic resistance for 107 gold pieces
   308 | D        | Noticed a centaur warrior
   309 | D        | Noticed a centaur warrior
   312 | D        | Shot with an arrow by a centaur warrior

Skill      XL: |  1  2  3  4  5  6  7  8 |
---------------+-------------------------+-----
Stealth        | 7 11 14 19 21 | 21.5
Spellcasting   | 3 4 6 8 |  8.8
Hexes          | 5 7 9 10 | 10.1
Dodging        | 5 6 |  6.4
Short Blades   | |  1.1
Ice Magic      | |  0.1

Action                   |  1- 3 |  4- 6 |  7- 9 || total
-------------------------+-------+-------+-------++-------
Melee: Dagger            |     6 |     4 |     1 ||    11
 Cast: Ensorcelled Hiber |     1 |     1 |     1 ||     3
  Use: Potion            |     1 |       |       ||     1
       Scroll            |       |       |     1 ||     1
 Stab: Sleeping          |     2 |     4 |     1 ||     7
Dodge: Dodged            |     2 |       |     2 ||     4
